 Dungeon Crawl Stone Soup version 0.29-a0-416-g83a48905f1 (webtiles) character file.

Game seed: 5555334740061868526

44 leviel the Skirmisher (level 3, -7/33 HPs)
             Began as a Hill Orc Fighter on May 12, 2022.
             Mangled by a gnoll
             ... wielding a +0 flail of protection
              (9 damage)
             ... on level 2 of the Dungeon on May 16, 2022.
             The game lasted 00:02:24 (844 turns).

leviel the Skirmisher (Hill Orc Fighter)             Turns: 844, Time: 00:02:25

Health: -7/33      AC:  6    Str: 20    XL:     3   Next: 62%
Magic:  3/3        EV:  9    Int:  8    God:
Gold:   63         SH:  4    Dex: 10    Spells: 2/2 levels left

rFire   . . .      SeeInvis .   a - +0 war axe
rCold   . . .      Faith    .   c - +0 buckler
rNeg    . . .      Spirit   .   b - +0 scale mail
rPois   .          Reflect  .   (no helmet)
rElec   .          Harm     .   (no cloak)
rCorr   .          Rampage  .   (no gloves)
Will    .....                   (no boots)
Stlth   ..........              (no amulet)
HPRegen 0.11/turn               (no ring)
MPRegen 0.08/turn               (no ring)

@: no status effects
A: no striking features
a: no special abilities


You were on level 2 of the Dungeon.
You visited 1 branch of the dungeon, and saw 2 of its levels.

You collected 63 gold pieces.

Inventory:

Hand Weapons
 a - a +0 war axe (weapon)
Armour
 b - a +0 scale mail (worn)
 c - a +0 buckler (worn)
Potions
 d - a potion of might
 e - 2 potions of haste
 h - a potion of resistance {unknown}
 i - a potion of invisibility {unknown}


   Skills:
 + Level 4.1 Fighting
 * Level 3.8 Axes
 + Level 3.6 Armour
 + Level 3.6 Shields


You had 2 spell levels left.
You didn't know any spells.
Your spell library was empty.

Dungeon Overview and Level Annotations

Branches:
Dungeon (2/15)

Altars:

Shops:
D:2 :


Message History

You kill the gnoll!
You block the gnoll's attack. The gnoll closely misses you.
You closely miss the gnoll. The gnoll hits you with a +0 spear.
You closely miss the gnoll. You block the gnoll's attack.
You hit the gnoll.
The gnoll is moderately wounded.
The gnoll closely misses you.
You barely miss the gnoll.
The gnoll is moderately wounded.
The gnoll hits you with a +0 spear!
You slash the gnoll!
You kill the gnoll!
Your extra speed is starting to run out.
The gnoll hits you with a +0 flail of protection.
You see here a +0 spear.
You closely miss the gnoll. x2
The gnoll hits you with a +0 flail of protection.
* * * LOW HITPOINT WARNING * * *
The gnoll misses you.
You hit the gnoll but do no damage. You closely miss the gnoll.
The gnoll hits you with a +0 whip.
* * * LOW HITPOINT WARNING * * *
You block the gnoll's attack.
You feel yourself slow down.
You feel much better.
You hit the gnoll but do no damage.
The gnoll hits you with a +0 flail of protection. x2
You barely miss the gnoll.
The gnoll hits you with a +0 flail of protection!
* * * LOW HITPOINT WARNING * * *
You slash the gnoll!
The gnoll is severely wounded.
The gnoll hits you with a +0 flail of protection.
* * * LOW HITPOINT WARNING * * *
You closely miss the gnoll.
The gnoll is severely wounded.
You block the gnoll's attack.
The gnoll hits you with a +0 flail of protection!
You die...

♣.♣..P♣#.....#.#...#
♣♣..P♣♣♣............
♣♣♣.♣♣)#...........
♣..#.#..#.#.#.###
##.#.#..#.#.#.# #
###.#..#.#.#.###
#...............
######.#..#........
#.@gg).....).......
######.#..#.###..##
####.......#.# #....
#....##.#..#.###..##
####................
#.##.............
#.####.##.###....
####.## #...........
#.....# #.......<...


You could see 2 gnolls.

Vanquished Creatures
  2 gnolls (D:2)
  A dart slug (D:1)
  3 endoplasms (D:1)
  3 giant cockroaches (D:1)
  A goblin (D:1)
  A hobgoblin (D:2)
  5 kobolds
  2 ball pythons (D:1)
  2 bats (D:1)
  3 frilled lizards (D:1)
  A rat (D:1)
24 creatures vanquished.

Vanquished Creatures (others)
  19 plants (D:2)
19 creatures vanquished.

Grand Total: 43 creatures vanquished

Notes
Turn   | Place    | Note
-------+----------+-------------------------------------------
     0 | D:1      | leviel the Hill Orc Fighter began the quest for the Orb.
     0 | D:1      | Reached XP level 1. HP: 19/19 MP: 1/1
     0 | D:1      | Upgraded the game from 0.29-a0-398-ge13fd1374b to
                  | 0.29-a0-416-g83a48905f1
   138 | D:1      | Reached XP level 2. HP: 27/27 MP: 2/2
   641 | D:2      | Reached XP level 3. HP: 33/33 MP: 3/3
   654 | D:2      | Found Onlu's Book Emporium.
   665 | D:2      | Reached skill level 4 in Fighting
   844 | D:2      | Mangled by a gnoll

Illustrated notes

Levels and vault maps discovered:
D:1:      minmay_arrival_arboretum_large, layout_rooms, hangedman_decor_points
D:2:      wad_woods_pond, layout_basic, serial_shops, shop_statue,
          nicolae_ecumenical_pavilion, kennysheep_generic_room_7

Skill      XL: |  1  2  3 |
---------------+----------+-----
Axes           | 3 |  3.8
Fighting       | 4 |  4.1
Armour         | |  3.6
Shields        | |  3.6

Action                   || total
-------------------------++-------
Melee: War axe           ||    69
  Use: Scroll            ||     2
       Potion            ||     3
Armor: Scale mail        ||    23
Dodge: Dodged            ||    25
Block: Buckler           ||    15

Table legend: (Time is in decaauts)
 A = Elapsed time spent in this place.
 B = Non-inter-level travel time spent in this place.
 C = Inter-level travel time spent in this place.
 D = Time resting spent in this place.
 E = Time spent auto-exploring this place.
 F = Levels seen in this place.
 G = Mean time per level.
                   A        B        C        D        E       F      G
               +--------+--------+--------+--------+--------+-----+--------+
         Total |    854 |    844 |     10 |    100 |    539 |   2 |  427.0 |
       Dungeon |    854 |    844 |     10 |    100 |    539 |   2 |  427.0 |
               +--------+--------+--------+--------+--------+-----+--------+

Top non-repeatable levels by time:
     D:1: 636 daAuts
     D:2: 217 daAuts
